 Dungeon Crawl Stone Soup version 0.31.0-9-g3a7656b989 (webtiles) character file.

Game seed: 14108086059264253026

35 Axelsxxd the Insei (level 3, -1/23 HPs)
             Began as an Octopode Shapeshifter on Jan 25, 2024.
             Slain by a gnoll
             ... wielding a +0 flail
              (13 damage)
             ... on level 1 of the Dungeon.
             The game lasted 00:02:57 (1185 turns).

Axelsxxd the Insei (Octopode Shapeshifter)          Turns: 1185, Time: 00:02:58

Health: -1/23      AC:  1    Str: 13    XL:     3   Next: 35%
Magic:  3/3        EV: 12    Int: 12    God:
Gold:   49         SH:  4    Dex: 13    Spells: 2/2 levels left

rFire   . .          .
                       - Unarmed
rCold   . . .        e - +0 buckler
rNeg    . . .        (helmet currently unavailable)
rPois   .            (no amulet)
rElec   .            (no ring)
rCorr   .            (no ring)
SInv    .            (no ring)
Will    .....        (no ring)
Stlth   +++          (no ring)
HPRegen 0.23/turn    (no ring)
MPRegen 0.08/turn    (no ring)
                     (no ring)

%: no passive effects
@: beast-form
A: beast (slay +1), almost no armour, amphibious, 8 rings, camouflage 1,
gelatinous body 1, (nimble swimmer 1), tentacles
a: Begin Untransformation


You were on level 1 of the Dungeon.
You were a hulking beast.
You visited 1 branch of the dungeon, and saw 2 of its levels.

You collected 49 gold pieces.

Inventory:

Armour
 e - a +0 buckler (worn)
Jewellery
 m - a ring of willpower
Talismans
 b - a beast talisman
 c - a flux talisman
Scrolls
 d - a scroll of teleportation {unknown}
 f - a scroll of immolation {unknown}
 g - a scroll of amnesia {unknown}
 i - a scroll of fog {unknown}
Potions
 a - 2 potions of lignification
 h - 2 potions of curing {unknown}
 j - a potion of ambrosia {unknown}
 k - 2 potions of brilliance {unknown}
 l - a potion of attraction {unknown}


   Skills:
 * Level 1.6 Fighting
 + Level 2.2 Dodging
 * Level 1.7 Stealth
 + Level 0.5 Shields
 * Level 3.3 Unarmed Combat
 + Level 3.1 Shapeshifting


You had 2 spell levels left.
You didn't know any spells.
Your spell library was empty.

Dungeon Overview and Level Annotations

Branches:
Dungeon (2/15)

Altars:
Uskayaw


Innate Abilities, Weirdness & Mutations

You are a hulking beast.
Your limbs bulge with bestial killing power. (Slay +1)
You cannot wear most types of armour.
You are amphibious.
You can wear up to eight rings at the same time.
Your skin changes colour to match your surroundings (Stealth+).
Your rubbery body absorbs attacks. (AC +1, EV +1)
((You are camouflaged when in or above water. (Stealth+)))
You have tentacles for arms and can constrict up to eight enemies at once.


Message History

The adder is severely wounded.
You constrict the adder. The adder bites you.
You are poisoned.
The adder poisons you!
You tentacle-slap the adder.
You kill the adder!
You feel sick.
You start resting.
You feel sick. x3
You are no longer poisoned.
You start resting.
HP restored.
You start waiting.
Done waiting.
Found a hide-covered altar of Uskayaw.
You see here a staff of conjuration.
m - a ring of willpower
Found a helmet.
You see here a +0 helmet.
Found a stone staircase leading up.
A ball python comes into view.
There is a stone staircase leading up here.
A gnoll comes into view. It is wielding a +0 flail.
Found 12 gold pieces.
The helpless ball python fails to defend itself.
You tentacle-slap the ball python. You grab the ball python.
You squeeze the ball python.
You kill the ball python! 2 gnolls come into view.
A gnoll is wielding a +0 flail of draining.
The gnoll shouts! x2
There is a stone staircase leading up here.
The gnoll hits you with a +0 flail!
Ouch! That really hurt!
You climb upwards.
There is a stone staircase leading down here.
You tentacle-slap the gnoll. You grab the gnoll. You squeeze the gnoll.
The gnoll is severely wounded.
You constrict the gnoll. The gnoll hits you with a +0 flail!
Ouch! That really hurt!
You die...

...# #.........#
...###......##.#
.....#......##.#
##...#......##.#
#...#.........#
#...#......#..#
##...#......#..###
.'...'......#..g.#
##...##.....'...h#
#...##.....######
##...##.....#
.#...######.#
.#...# #.# .#####
#.# †# #.# .# #.#
.# #.#


You could see a gnoll.

Vanquished Creatures
  An adder (D:2)
  A dart slug (D:1)
  3 ball pythons
  2 bats (D:1)
  3 endoplasms (D:1)
  4 goblins (D:1)
  2 quokkas (D:1)
  3 kobolds (D:1)
  2 rats (D:1)
21 creatures vanquished.

Notes
Turn   | Place    | Note
-------+----------+-------------------------------------------
     0 | D:1      | Axelsxxd the Octopode Shapeshifter began the quest for the
                  | Orb.
     0 | D:1      | Reached XP level 1. HP: 13/13 MP: 1/1
   184 | D:1      | Reached XP level 2. HP: 18/18 MP: 2/2
   231 | D:1      | Reached skill level 1 in Stealth
   847 | D:1      | Reached XP level 3. HP: 23/23 MP: 3/3
  1102 | D:2      | Found a hide-covered altar of Uskayaw.
  1185 | D:1      | Slain by a gnoll

Illustrated notes

Levels and vault maps discovered:
D:1:      eino_arrival_water_star, layout_basic
D:2:      layout_basic, basic_altar, uniq_sigmund

Skill      XL: |  1  2 |
---------------+-------+-----
Stealth        | 1 |  1.7
Fighting       | |  1.6
Dodging        | |  2.2
Shields        | |  0.5
Unarmed Combat | |  3.3
Shapeshifting  | |  3.1

Action                     || total
---------------------------++-------
  Melee: Unarmed           ||    34
         Tentacles         ||    11
         Constrict         ||     8
         Punch             ||     2
   Stab: Sleeping          ||     5
         Distracted        ||     1
 Armour: Skin              ||    15
  Dodge: Dodged            ||    12
